 Dungeon Crawl Stone Soup version 0.29-a0-275-g389c0b56f3 (webtiles) character file.

Game seed: 13883028449273275484

108 Hubjo the Sneak (level 4, -3/33 HPs)
             Began as a Vampire Enchanter on Mar 11, 2022.
             Was a Follower of Okawaru.
             Slain by Crazy Yiuf
             ... wielding a +4 quarterstaff of chaos
              (15 damage)
             ... on level 3 of the Dungeon.
             The game lasted 00:03:02 (5288 turns).

Hubjo the Sneak (Vampire Enchanter)                 Turns: 5288, Time: 00:03:03

Health: -3/33      AC:  2    Str:  7    XL:     4   Next: 58%
Magic:  7/7        EV: 13    Int: 17    God:    Okawaru [*.....]
Gold:   109        SH:  0    Dex: 16    Spells: 5/7 levels left

rFire   . . .      SeeInvis +   a - +1 dagger
rCold   . . .      Faith    .   (no shield)
rNeg    . . .      Spirit   .   b - +0 robe
rPois   .          Reflect  .   (no helmet)
rElec   .          Harm     .   (no cloak)
rCorr   .          Rampage  .   (no gloves)
Will    .....                   (no boots)
Stlth   +++.......              (no amulet)
HPRegen 0.31/turn               h - ring of see invisible
MPRegen 0.10/turn               (no ring)

@: healing quickly
A: alive, fangs 3, see invisible, vampiric 2
a: Exsanguinate, Renounce Religion, Heroism


You were on level 3 of the Dungeon.
You worshipped Okawaru.
Okawaru was aware of your devotion.
You visited 1 branch of the dungeon, and saw 3 of its levels.

You collected 109 gold pieces.

Inventory:

Hand Weapons
 a - a +1 dagger (weapon)
Armour
 b - a +0 robe (worn)
Jewellery
 h - a ring of see invisible (left hand)
 q - an amulet of regeneration
Scrolls
 d - 2 scrolls of enchant weapon {unknown}
 f - a scroll of teleportation {unknown}
 g - 2 scrolls of enchant armour {unknown}
 l - a scroll of identify {unknown}
 p - a scroll of vulnerability {unknown}
Potions
 c - 2 potions of invisibility
 e - a potion of heal wounds
 i - a potion of berserk rage {unknown}
 j - a potion of flight {unknown}
 k - 2 potions of curing {unknown}
 m - a potion of brilliance {unknown}
 n - a potion of haste {unknown}
 o - a potion of mutation {unknown}


   Skills:
 * Level 2.0 Fighting
 + Level 1.9 Short Blades
 + Level 2.8 Dodging
 * Level 5.8 Stealth
 - Level 2.0 Spellcasting
 + Level 5.0 Hexes


You had 5 spell levels left.
You knew the following spells:

 Your Spells              Type           Power      Damage    Failure   Level
a - Ensorcelled Hibernat  Hex/Ice        20%        N/A       11%         2

Your spell library contained the following spells:

 Spells                   Type           Power      Damage    Failure   Level
 Confusing Touch          Hex            18%        N/A       8%          3
 Dazzling Flash           Conj/Hex       20%        N/A       21%         3
 Inner Flame              Hex/Fire       10%        N/A       21%         3
 Cause Fear               Hex            9%         N/A       24%         4
 Passwall                 Tmut/Erth      0%         N/A       28%         2
 Swiftness                Air            1%         N/A       50%         3
 Dispersal                Tloc           0%         N/A       100%        6
 Discord                  Hex            9%         N/A       100%        8
 Disjunction              Tloc           0%         N/A       100%        8
 Tukima's Dance           Hex            Unusable   N/A       N/A         3

Dungeon Overview and Level Annotations

Branches:
Dungeon (3/15)

Altars:
Okawaru
Xom

Annotations:
D:3 Crazy Yiuf


Innate Abilities, Weirdness & Mutations

Your natural rate of healing is accelerated.
You have razor-sharp teeth.
You have supernaturally acute eyesight. (SInv)
You are afflicted with vampirism and can become a bat while bloodless.


Message History

You start waiting.
You start waiting.
You start waiting.
You start waiting.
You start waiting.
You start waiting.
You start waiting.
You start waiting.
You start waiting.
You start waiting.
You start waiting.
You start waiting.
You start waiting.
You start waiting.
You start waiting.
You start waiting.
You start waiting.
You start waiting.
You start waiting.
You start waiting.
You start waiting.
You start waiting.
You start waiting.
You start waiting.
You start waiting.
You start waiting.
You start waiting.
You start waiting.
Done waiting.
You open the door.
Crazy Yiuf shouts!
You hit Crazy Yiuf.
Crazy Yiuf is lightly wounded.
Crazy Yiuf laughs, "Walk Orb Guardian light!"
Crazy Yiuf hits you with a +4 quarterstaff of chaos!
You convulse!
You barely miss Crazy Yiuf. Your bite misses Crazy Yiuf.
Crazy Yiuf is lightly wounded.
Crazy Yiuf hits you with a +4 quarterstaff of chaos!
You die...

#...# ###.# #######
#.# ......# #####
#.# ......# #..)#
#.### ......######
#...# ##### #...<
......'...'# ...
#...# ######
......###### #g#
###.###.....
......# ♣♣@♣
#..##.#### ......#
♣.♣♣ ##.##.####
......###### ♣♣.♣
#.##.....
##.........# ♣.♣♣
#.##.....
##.........# ♣♣.♣♣
####'##.....
...........# ♣.P.♣♣
#......(....
...........# ♣P...♣
#...........
...........# #....#
#...........
...........####..##
#...........


You could see Crazy Yiuf.

Vanquished Creatures
  Terence (D:2)
  3 adders (D:3)
  2 dart slugs (D:1)
  An orc (D:3)
  6 ball pythons
  7 endoplasms
  4 giant cockroaches
  3 goblins
  3 hobgoblins (D:1)
  2 jackals (D:3)
  2 quokkas
  3 bats
  3 frilled lizards
  3 kobolds
  4 rats
47 creatures vanquished.

Notes
Turn   | Place    | Note
-------+----------+-------------------------------------------
     0 | D:1      | Hubjo the Vampire Enchanter began the quest for the Orb.
     0 | D:1      | Reached XP level 1. HP: 13/13 MP: 3/3
    80 | D:1      | Found a faded altar of an unknown god.
   173 | D:1      | Reached XP level 2. HP: 20/20 MP: 5/5
   390 | D:1      | Prayed at the altar of an unknown god.
   390 | D:1      | Became a worshipper of Warmaster Okawaru
   390 | D:1      | Reached * piety under Okawaru
   513 | D:1      | Reached skill level 1 in Fighting
   513 | D:1      | Reached skill level 5 in Stealth
   770 | D:1      | Gained mutation: You are afflicted with vampirism and can
                  | become a bat while bloodless. [Vampire growth]
   770 | D:1      | Reached XP level 3. HP: 25/26 MP: 6/6
   774 | D:1      | Learned a level 2 spell: Ensorcelled Hibernation
  1015 | D:2      | Noticed Terence
  1019 | D:2      | Killed Terence
  1703 | D:3      | Reached XP level 4. HP: 27/32 MP: 7/7
  1809 | D:3      | Reached skill level 5 in Hexes
  1852 | D:3      | Found a runed translucent door.
  1853 | D:3      | Noticed Crazy Yiuf
  1890 | D:3      | Found a shimmering altar of Xom.
  5288 | D:3      | Slain by Crazy Yiuf

Illustrated notes

Levels and vault maps discovered:
D:1:      dpeg_arrival_simpleton_a, layout_loops_ring,
          ebering_ecumenical_altar_hall, minivault_23, minmay_octomino_e4
D:2:      layout_loops_corners, serial_bayou_pond_d, minivault_19, uniq_terence
D:3:      layout_basic, mainiacjoe_overflow_small_starburst,
          uniq_crazy_yiuf_cottage

Skill      XL: |  1  2  3  4 |
---------------+-------------+-----
Fighting       | 1 2 |  2.0
Stealth        | 5 |  5.8
Hexes          | 5 |  5.0
Short Blades   | |  1.9
Dodging        | |  2.8
Spellcasting   | |  2.0

Action                   |  1- 3 |  4- 6 || total
-------------------------+-------+-------++-------
Melee: Dagger            |   110 |    58 ||   168
       Bite              |    13 |     3 ||    16
       Punch             |       |     1 ||     1
Invok: Heroism           |       |     1 ||     1
  Use: Potion            |       |     1 ||     1
 Stab: Sleeping          |     6 |     4 ||    10
       Distracted        |       |     1 ||     1
Armor: Robe              |    24 |     8 ||    32
Dodge: Dodged            |    61 |    55 ||   116

Table legend: (Time is in decaauts)
 A = Elapsed time spent in this place.
 B = Non-inter-level travel time spent in this place.
 C = Inter-level travel time spent in this place.
 D = Time resting spent in this place.
 E = Time spent auto-exploring this place.
 F = Levels seen in this place.
 G = Mean time per level.
                   A        B        C        D        E       F      G
               +--------+--------+--------+--------+--------+-----+--------+
         Total |   5274 |   5077 |    197 |   2866 |   1753 |   3 | 1758.0 |
       Dungeon |   5274 |   5077 |    197 |   2866 |   1753 |   3 | 1758.0 |
               +--------+--------+--------+--------+--------+-----+--------+

Top non-repeatable levels by time:
     D:3: 3632 daAuts
     D:1: 920 daAuts
     D:2: 722 daAuts
